 Dungeon Crawl Stone Soup version 0.27.1-2-g3b301248ec (webtiles) character file.

Game seed: 16247843980024512264

30 iamoutofideas the Chopper (level 3, -7/33 HPs)
             Began as a Hill Orc Berserker on Oct 2, 2021.
             Was a Follower of Trog.
             Mangled by a worm (10 damage)
             ... on level 2 of the Dungeon.
             The game lasted 00:01:57 (1476 turns).

iamoutofideas the Chopper (Hill Orc Berserker)      Turns: 1476, Time: 00:01:58

Health: -7/33      AC:  2    Str: 20    XL:     3   Next: 20%
Magic:  3/3        EV: 12    Int:  7    God:    Trog [*.....]
Gold:   30         SH:  0    Dex: 10    Spells: 2/2 levels left

rFire    . . .     SeeInvis .   a - +0 hand axe
rCold    . . .     Faith    .   (no shield)
rNeg     . . .     Spirit   .   b - +0 animal skin
rPois    .         Reflect  .   (no helmet)
rElec    .         Harm     .   (no cloak)
rCorr    .         Rampage  .   (no gloves)
Will     .....                  (no boots)
Stlth    +.........             (no amulet)
HPRegen  0.11/turn              (no ring)
MPRegen  0.08/turn              (no ring)

@: no status effects
A: no striking features
a: Renounce Religion, Berserk


You were on level 2 of the Dungeon.
You worshipped Trog.
Trog was aware of your devotion.
You visited 1 branch of the dungeon, and saw 2 of its levels.

You collected 30 gold pieces.

Inventory:

Hand Weapons
 a - a +0 hand axe (weapon)
Missiles
 g - 2 throwing nets (quivered)
Armour
 b - a +0 animal skin (worn)
Scrolls
 c - a scroll of blinking {unknown}
 d - a scroll of enchant weapon {unknown}
 e - a scroll of enchant armour {unknown}
 f - a scroll of noise {unknown}
 h - a scroll of identify {unknown}
 i - a scroll of amnesia {unknown}


   Skills:
 - Level 3.7 Fighting
 + Level 5.5 Axes
 - Level 2.2 Armour
 - Level 1.6 Dodging


You had 2 spell levels left.
You didn't know any spells.
Your spell library was empty.

Dungeon Overview and Level Annotations

Branches:
Dungeon (2/15)

Altars:

Shops:
D:1 =


Message History

Found 21 sling bullets.
You now have 30 gold pieces (gained 7).
No target in view!
Key pressed, stopping explore.
No target in view!
A worm comes into view.
The worm bites you!
You hit the worm.
The worm is lightly wounded.
You slash the worm!
The worm is heavily wounded.
The worm completely misses you.
You hit the worm.
The worm is severely wounded.
The worm bites you!
You hit the worm.
The worm is severely wounded.
You hit the worm but do no damage.
The worm is severely wounded.
The worm bites you.
You are too injured to fight recklessly!
You are too injured to fight recklessly!
You are too injured to fight recklessly!
The worm closely misses you.
You barely miss the worm.
The worm is severely wounded.
You hit the worm.
The worm is severely wounded.
The worm bites you!
* * * LOW HITPOINT WARNING * * *
You barely miss the worm.
The worm is severely wounded.
You barely miss the worm.
The worm is severely wounded.
The worm bites you.
* * * LOW HITPOINT WARNING * * *
You barely miss the worm.
The worm is heavily wounded.
The worm bites you!
You die...

#............# ...#
#............# ######.#
#............# #.......
#.##############.####.#
#. #......... # ###
#.#.###.## #.######.#
#.#.# #†##
#........#####.#.# #.##
#....w@........#.###.##
#..............#.....##
#.....?........###.....
................#
#.....
##.#............#
#.###. # #########.##.#
#.# . #.##.# #.# .
#.##.# #.# ... .# #.#


You could see a worm.

Vanquished Creatures
  An adder (D:2)
  A worm (D:2)
  3 bats (D:1)
  2 endoplasms (D:1)
  5 hobgoblins (D:1)
  A quokka (D:1)
  A frilled lizard (D:2)
  2 goblins (D:1)
  4 toadstools (D:1)
20 creatures vanquished.

Notes
Turn   | Place    | Note
-------+----------+-------------------------------------------
     0 | D:1      | iamoutofideas the Hill Orc Berserker began the quest for
                  | the Orb.
     0 | D:1      | Reached XP level 1. HP: 19/19 MP: 1/1
   226 | D:1      | Found Etzaidoo's Jewellery Shoppe.
   371 | D:1      | Reached XP level 2. HP: 24/27 MP: 2/2
   434 | D:1      | Found a faded altar of an unknown god.
   979 | D:1      | Reached skill level 5 in Axes
  1408 | D:2      | Reached XP level 3. HP: 29/33 MP: 3/3
  1476 | D:2      | Mangled by a worm

Illustrated notes

Levels and vault maps discovered:
D:1:      ldierk_water_garden, layout_basic, serial_shops, shop,
          chequers_ecumenical_altar_grove
D:2:      layout_basic, uniq_jessica

Skill      XL: |  1  2 |
---------------+-------+-----
Axes           | 5 |  5.5
Fighting       | |  3.7
Armour         | |  2.2
Dodging        | |  1.6

Action                   || total
-------------------------++-------
Melee: Hand axe          ||    88
Armor: Animal skin       ||    22
Dodge: Dodged            ||    52
